[Event "Early-Titled-Tuesday-Blitz-January-16-2024"]
[Site "Chess.com"]
[Date "2024.01.16"]
[Round "9"]
[White "JimDiGrease"]
[Black "quvnoq_muxlis"]
[Result "1-0"]
[WhiteElo "2974"]
[BlackElo "2670"]
[TimeControl "180+1"]
[EndTime "9:47:56 PST"]
[Termination "JimDiGrease won by checkmate"]

1. d4 Nf6 2. c4 e6 3. Bf4 Bd6 4. Bg3 O-O 5. Nc3 Bxg3 6. hxg3 d5 7. e3 h6 8. Nf3 a6 9. cxd5 exd5 10. Bd3 Re8 11.
O-O Nbd7 12. b4 Qe7 13. Qb3 a5 14. b5 Nb6 15. Rfc1 Be6 16. Ne2 g5 17. Ne5 Rac8 18. Qc3 a4 19. Qb2 Nfd7 20. Rc2 Nxe5 21. dxe5 Bg4 22.
Rac1 Na8 23. f4 f6 24. Qd4 fxe5 25. Qxd5+ Qe6 26. Qxb7 Qe7 27. f5 e4 28. Bc4+ Kh8 29.
Nd4 Qf6 30. Be6 Rcd8 31. Rxc7 Nxc7 32. Rxc7 Rxe6 33. Nxe6 Re8 34. Rf7 Qe5 35. Rh7+ Kg8 36. Qf7# 1-0

[Event "Early-Titled-Tuesday-Blitz-January-16-2024"]
[Site "Chess.com"]
[Date "2024.01.16"]
[Round "9"]
[White "SantoBlue"]
[Black "Rud_Makarian"]
[Result "1-0"]
[WhiteElo "2970"]
[BlackElo "3035"]
[TimeControl "180+1"]
[EndTime "9:47:57 PST"]
[Termination "SantoBlue won on time"]

1. e4 c5 2. Nc3 Nc6 3. Bb5 e6 4. Bxc6 bxc6 5. d3 d5 6. Nf3 Nf6 7. O-O Be7 8. Re1 O-O 9. Qe2 c4 10. dxc4 Ba6 11. Ne5 Rc8 12. Bf4 Bb4 13. Bg5 Qc7 14.
exd5 Nxd5 15. Qg4 f5 16. Qg3 Nxc3 17. bxc3 Bd6 18. Bf4 Bxc4 19. Rad1 Bxe5 20. Bxe5 Qf7 21. Rd4 Bd5 22. h4 c5 23. Rd2 Bxa2 24. Red1 Qg6 25. Qxg6 hxg6 26. Rd7 Rf7 27. Rxf7 Kxf7 28. Rd7+ Ke8 29.
Rxa7 Bd5 30. Rxg7 Ra8 31. Rxg6 Ra1+ 32. Kh2 Re1 33. f4 Kf7 34. h5 1-0

[Event "Early-Titled-Tuesday-Blitz-January-16-2024"]
[Site "Chess.com"]
[Date "2024.01.16"]
[Round "9"]
[White "DamianoLew95"]
[Black "Sebastian"]
[Result "0-1"]
[WhiteElo "2665"]
[BlackElo "2950"]
[TimeControl "180+1"]
[EndTime "9:47:57 PST"]
[Termination "Sebastian won by checkmate"]

1. e4 c5 2. Nf3 d6 3. d4 cxd4 4. Nxd4 Nf6 5. Nc3 a6 6. h4 e5 7.
Nf5 d5 8. Qf3 d4 9. Nd5 Nxd5 10.
exd5 Bxf5 11. Qxf5 Nd7 12. c3 Qa5 13. Bc4 Bd6 14.
Bd2 Qc7 15. Bb3 dxc3 16. Bxc3 O-O 17. h5 Qd8 18. Bc2 Nf6 19. O-O-O Qd7 20. Qd3 Rac8 21. Kb1 b5 22. g4 b4 23. g5 e4 24. Qe3 bxc3 25.
gxf6 Rfe8 26. Rdg1 g6 27. hxg6 fxg6 28. Qh6 Qf7 29.
b3 Rc7 30. Rg4 Qxf6 31. Bxe4 c2+ 32. Bxc2 Rg7 33. Rhg1 Qc3 34. Rxg6 Re1+ 35. Rxe1 Qxe1+ 36. Kb2 Be5+ 37. Ka3 Qa5# 0-1

[Event "Early-Titled-Tuesday-Blitz-January-16-2024"]
[Site "Chess.com"]
[Date "2024.01.16"]
[Round "9"]
[White "Mikasinski"]
[Black "Byniolus"]
[Result "0-1"]
[WhiteElo "2620"]
[BlackElo "2760"]
[TimeControl "180+1"]
[EndTime "9:47:57 PST"]
[Termination "Byniolus won by resignation"]

1. e4 d6 2. d4 Nf6 3. Nc3 c6 4. f4 Qb6 5. Nf3 Bg4 6. e5 Nd5 7. Nxd5 cxd5 8. c3 e6 9. Be2 Nc6 10. Qd2 Be7 11. Qe3 O-O-O 12. O-O Kb8 13. b4 Qc7 14. Bd2 Rc8 15. a4 f6 16. exd6 Bxd6 17. h3 Bf5 18. a5 Be4 19. Ne1 g5 20. fxg5 fxg5 21. Bg4 h5 22. Bxe6 Rce8 23. Rf7 Bh2+ 24. Kh1 Qd6 25. Qxg5 Rxe6 26. Qg7 Rhe8 27. Rxb7+ Ka8 28.
b5 Ne7 29. a6 Qg3 30. Qf7 Rg8 31.
Qf1 Qxh3 32. Bg5 Bg3+ 0-1

[Event "Early-Titled-Tuesday-Blitz-January-16-2024"]
[Site "Chess.com"]
[Date "2024.01.16"]
[Round "9"]
[White "jcibarra"]
[Black "hakanazeri2"]
[Result "1-0"]
[WhiteElo "2866"]
[BlackElo "2561"]
[TimeControl "180+1"]
[EndTime "9:48:00 PST"]
[Termination "jcibarra won on time"]

1. e4 c5 2. Nf3 Nc6 3. Nc3 Nf6 4.
d4 cxd4 5. Nxd4 e5 6. Ndb5 d6 7. Bg5 a6 8. Na3 b5 9. Bxf6 gxf6 10. Nd5 f5 11. g3 fxe4 12. Bg2 Bf5 13. f3 exf3 14. Qxf3 Nd4 15. Qf2 b4 16. c3 bxa3 17.
O-O axb2 18. Qxb2 Nc2 19. Rxf5 Nxa1 20. Nf6+ Ke7 21. Qb7+ Ke6 22. Bh3 d5 23. Qc6+ Bd6 24.
Nxd5 e4 25. Nf4+ Ke7 26. Qxe4+ Kf8 27. Ne6+ Kg8 28. Nxd8 Rxd8 29. Qc4 1-0

[Event "Early-Titled-Tuesday-Blitz-January-16-2024"]
[Site "Chess.com"]
[Date "2024.01.16"]
[Round "9"]
[White "vanyakuba"]
[Black "santosalberto1987"]
[Result "1/2-1/2"]
[WhiteElo "2329"]
[BlackElo "2499"]
[TimeControl "180+1"]
[EndTime "9:48:01 PST"]
[Termination "Game drawn by repetition"]

1. e4 e6 2. d4 d5 3. exd5 exd5 4. Nf3 Bd6 5. c4 dxc4 6. Bxc4 Nf6 7. O-O O-O 8. Nc3 a6 9. Ne5 b5 10. Qf3 Ra7 11. Bb3 Bb7 12. Qh3 Nbd7 13. Bf4 b4 14.
Ne2 Bd5 15. Bc2 Re8 16. Nxd7 Qxd7 17. Bxh7+ Kf8 18. Bf5 Qc6 19. Bxd6+ cxd6 20. Nf4 Be4 21. Rfe1 Rae7 22. d5 Bxf5 23. Qh8+ Ng8 24. Rxe7 Qc8 25. Rxe8+ Qxe8 26. Qh4 Nf6 27. Qg5 Bh7 28. h3 Qc8 29. Nh5 Nxh5 30. Qxh5 Kg8 31. Re1 Bg6 32. Qg5 Qc2 33.
Qd8+ Kh7 34. Re8 Qc1+ 35. Kh2 Qf4+ 36. Kg1 Qc1+ 37. Kh2 Qf4+ 38. Kg1 Qc1+ 1/2-1/2

[Event "Early-Titled-Tuesday-Blitz-January-16-2024"]
[Site "Chess.com"]
[Date "2024.01.16"]
[Round "9"]
[White "C_K_G"]
[Black "AlexLongson"]
[Result "0-1"]
[WhiteElo "2033"]
[BlackElo "2275"]
[TimeControl "180+1"]
[EndTime "9:48:01 PST"]
[Termination "AlexLongson won by resignation"]

1. e4 e5 2. Nf3 Nc6 3. Bc4 Nf6 4. Ng5 d5 5. exd5 Na5 6. Bb5+ c6 7. dxc6 bxc6 8.
Qf3 Be7 9. Bxc6+ Nxc6 10. Qxc6+ Bd7 11. Qc4 O-O 12. Nc3 h6 13. Nf3 e4 14. Nxe4 Rc8 15. Qe2 Rxc2 16. O-O Re8 17. Nc3 Bg4 18. Qd1 Qd3 19.
Re1 Bc5 20. Rxe8+ Nxe8 21. Qe1 Nf6 22. Ne5 Qf5 23. h3 Bxh3 24. gxh3 Qxh3 25. Nd3 Qg3+ 26. Kh1 Qxd3 27. Qe2 Rxc3 28. Qxd3 Rxd3 29. a3 Bxf2 30. Kg2 Bd4 31. Kf1 Ne4 32. Ke2 Rh3 33. Rb1 f5 34. b4 f4 35. a4 f3+ 36. Kd3 f2+ 37. Kxe4 f1=Q 38. Kxd4 Qd3+ 0-1

[Event "Early-Titled-Tuesday-Blitz-January-16-2024"]
[Site "Chess.com"]
[Date "2024.01.16"]
[Round "9"]
[White "FMCarmona"]
[Black "deepfear"]
[Result "1-0"]
[WhiteElo "2180"]
[BlackElo "1929"]
[TimeControl "180+1"]
[EndTime "9:48:01 PST"]
[Termination "FMCarmona won on time"]

1. e4 c5 2. Nf3 g6 3. c3 d5 4.
exd5 Qxd5 5. d4 cxd4 6. cxd4 Bg7 7. Nc3 Qd8 8. Bc4 Nf6 9. O-O O-O 10. h3 e6 11. Bg5 h6 12. Bh4 a6 13. a4 b6 14. d5 g5 15. Bg3 exd5 16. Nxd5 Bb7 17.
Bc7 Qe8 18. Re1 Qd7 19. Ne5 Qe6 20. Nxb6 Qf5 21. Nxa8 Bxa8 22. Nxf7 Rxf7 23. Bxf7+ Kxf7 24. Bxb8 Ne4 25. Ba7 Be5 26. Qb3+ Kg6 27. Qe3 Bf4 28. Qb6+ Kh5 29. Bb8 Bxb8 30. Rf1 1-0

[Event "Early-Titled-Tuesday-Blitz-January-16-2024"]
[Site "Chess.com"]
[Date "2024.01.16"]
[Round "9"]
[White "DenLaz"]
[Black "ContrVersia"]
[Result "0-1"]
[WhiteElo "3056"]
[BlackElo "2843"]
[TimeControl "180+1"]
[EndTime "9:48:02 PST"]
[Termination "ContrVersia won by resignation"]

1. d4 d5 2. c4 c6 3. Nf3 Nf6 4. Qc2 dxc4 5. Qxc4 Bg4 6. Nc3 Nbd7 7. Bf4 Bxf3 8.
gxf3 Qa5 9. Qb3 Qb6 10. e4 e6 11.
Be3 Qxb3 12. axb3 a6 13. f4 g6 14. Bh3 Bg7 15. O-O-O O-O 16. d5 cxd5 17. exd5 exd5 18. Nxd5 Nxd5 19. Rxd5 Nf6 20. Rd3 Rfe8 21. Kb1 h5 22. Rc1 Rad8 23. Rxd8 Rxd8 24. Bg2 Ng4 25. Bb6 Rd6 26. Bc5 Rd7 27. h3 Nh6 28. Bb4 Nf5 29. Rc8+ Kh7 30. Rb8 Rd4 31. Rxb7 Rxf4 32. Be1 Nd6 33.
Rb6 Nb5 34. Rxa6 Nd4 35. Ra4 Rf5 36. b4 Rg5 37. b5 Rxg2 38. b6 Rg1 39. b7 Rxe1+ 40.
Ka2 Nc6 0-1

[Event "Early-Titled-Tuesday-Blitz-January-16-2024"]
[Site "Chess.com"]
[Date "2024.01.16"]
[Round "9"]
[White "Dinosaurio_1975"]
[Black "Sychev_Klementy"]
[Result "0-1"]
[WhiteElo "2631"]
[BlackElo "2778"]
[TimeControl "180+1"]
[EndTime "9:48:03 PST"]
[Termination "Sychev_Klementy won by resignation"]

1. e4 e5 2. Nf3 Nc6 3. Bc4 Nf6 4. d3 Bc5 5. Be3 Bb6 6. O-O O-O 7. a4 d5 8. exd5 Nxd5 9. Re1 Nxe3 10. fxe3 e4 11. Nfd2 Ne5 12. d4 Ng4 13. Nf1 c5 14. c3 Qh4 15. Qe2 Bc7 16. h3 Nh6 17. Qf2 Qg5 18. Kh1 Nf5 19. Nbd2 Ng3+ 20. Nxg3 Bxg3 21.
Nxe4 Bxf2 22. Nxg5 Bxe1 23. Rxe1 Bd7 24. dxc5 h6 25.
Ne4 Bxa4 26. Nd6 b6 27. b4 bxc5 28. bxc5 Bc6 29. Rf1 a5 30. Nxf7 Kh7 31. Bd3+ g6 32. Rf6 Bd5 33. Rxg6 Bxf7 34. Rb6+ Kg7 35. c6 a4 36. c7 a3 37. Rb1 a2 38. Ra1 Rfc8 0-1

[Event "Early-Titled-Tuesday-Blitz-January-16-2024"]
[Site "Chess.com"]
[Date "2024.01.16"]
[Round "9"]
[White "jhedigm"]
[Black "Schachmalanders"]
[Result "0-1"]
[WhiteElo "2571"]
[BlackElo "2479"]
[TimeControl "180+1"]
[EndTime "9:48:03 PST"]
[Termination "Schachmalanders won by resignation"]

1. d4 d5 2. c4 e6 3. Nc3 c6 4. e3 f5 5. Qc2 Nf6 6. Bd3 Bd6 7.
Nge2 O-O 8. b3 Ne4 9. Bb2 Qh4 10. g3 Qh3 11. Nf4 Bxf4 12. exf4 Qg2 13. O-O-O Nxf2 14. Rhf1 Nxd3+ 15. Qxd3 Qh3 16. Qf3 Nd7 17. Rde1 Nf6 18. Nd1 Ne4 19. Re2 b6 20. Ne3 a5 21. Rg2 a4 22. Rfg1 axb3 23. axb3 Bd7 24. Qe2 h5 25. Kb1 Ra5 26. Qe1 Rfa8 27. Rc2 Nf6 28. cxd5 Nxd5 29.
Nc4 Rb5 30. Ne5 Be8 31. Nxc6 Bf7 32. Ne5 Rxb3 33. Nxf7 Kxf7 34. Qe2 Ra4 35. Re1 Re3 36. Qd2 Rxe1+ 37. Qxe1 Qg4 38. Re2 Qf3 39. Rxe6 Qd3+ 40. Kc1 Rc4+ 41. Bc3 Rxc3+ 42. Kb2 Rc2+ 0-1

[Event "Early-Titled-Tuesday-Blitz-January-16-2024"]
[Site "Chess.com"]
[Date "2024.01.16"]
[Round "9"]
[White "KVAIDAN"]
[Black "Chempiblinka"]
[Result "0-1"]
[WhiteElo "2391"]
[BlackElo "2293"]
[TimeControl "180+1"]
[EndTime "9:48:03 PST"]
[Termination "Chempiblinka won by checkmate"]

1. f4 g6 2. Nf3 Bg7 3. d3 d6 4.
e4 Nf6 5. Be2 O-O 6. O-O c5 7. Nc3 Nc6 8. Qe1 Rb8 9. a4 a6 10.
Qh4 b5 11. axb5 axb5 12. f5 Nd4 13. Bd1 Nxf3+ 14. Rxf3 b4 15. Ne2 c4 16. Bg5 cxd3 17. cxd3 Qb6+ 18. Kh1 Bb7 19. Rh3 h5 20. Bb3 Ng4 21.
d4 Bxd4 22. Rf1 Bf2 23. Ng3 Bxe4 24. fxg6 Bxg2+ 25. Kxg2 Qc6+ 26. Ne4 Qxe4+ 27. Rf3 Bxh4 28. gxf7+ Kg7 29. Bxh4 Ne3+ 30. Kg3 Nxf1+ 31. Rxf1 Qg4+ 32. Kf2 Qxh4+ 33. Ke3 Rbc8 34. Rg1+ Kh8 35. Rg3 Qf6 36. Rf3 Qe5+ 37. Kd3 d5 38. Rg3 Qe4+ 39. Kd2 Qf4+ 40.
Ke2 d4 41. Kd3 Rcd8 42. Bc4 Qf1+ 43. Ke4 Qe1+ 44. Kf5 d3 45. Rg6 Qf2+ 46. Kg5 Qe3+ 47. Kxh5 d2 48. Rh6+ Qxh6+ 49. Kxh6 d1=Q 50. h4 Qd2+ 51. Kh5 Qd1+ 52. Kh6 Rxf7 53. b3 Rd6+ 54. Kg5 Qd2+ 55. Kg4 Rd4+ 56. Kh5 Qd1+ 57. Kg6 Rf6+ 58. Kg5 Qg1+ 59. Kh5 Qg6# 0-1

[Event "Early-Titled-Tuesday-Blitz-January-16-2024"]
[Site "Chess.com"]
[Date "2024.01.16"]
[Round "9"]
[White "profedechess93"]
[Black "PavelShkapenko"]
[Result "0-1"]
[WhiteElo "2638"]
[BlackElo "2778"]
[TimeControl "180+1"]
[EndTime "9:48:04 PST"]
[Termination "PavelShkapenko won by resignation"]

1. e4 e5 2. Nf3 Nc6 3. Bc4 d6 4. c3 f5 5. d3 f4 6. Qb3 Nh6 7. d4 Qf6 8. Na3 Be7 9. Nb5 Bd8 10. Bd5 Nf7 11. dxe5 dxe5 12. h4 h6 13. h5 O-O 14.
Nh4 Ne7 15. Bc4 c6 16. Na3 b5 17. Bd3 Be6 18. Qc2 Ng5 19. Bd2 Bg4 20. f3 Bxh5 21. O-O-O Bf7 22. Kb1 Rb8 23. Nf5 Bg6 24. Nxe7+ Bxe7 25. Be1 Ne6 26. Bf2 a5 27. Qe2 Bf7 28.
Nc2 Nc5 29. Bh4 Qe6 30. b3 Bxh4 31. Rxh4 Nxb3 32. axb3 Qxb3+ 33. Kc1 Qxc3 34. Qd2 Qc5 35. g3 b4 36. Kb1 a4 37. gxf4 b3 38. Na1 a3 39. Rc1 Qd4 40. Qc3 b2 41. Qxd4 a2+ 42. Kc2 b1=Q+ 0-1

[Event "Early-Titled-Tuesday-Blitz-January-16-2024"]
[Site "Chess.com"]
[Date "2024.01.16"]
[Round "9"]
[White "Actuary44"]
[Black "Rodalquilar"]
[Result "0-1"]
[WhiteElo "2493"]
[BlackElo "2761"]
[TimeControl "180+1"]
[EndTime "9:48:06 PST"]
[Termination "Rodalquilar won by resignation"]

1. e4 d5 2. exd5 Qxd5 3. Nc3 Qa5 4. Nf3 Nf6 5. d4 Bf5 6. Bd3 Nbd7 7. Bd2 Bxd3 8. cxd3 c6 9. O-O e6 10. Re1 Be7 11. Ne5 Qa6 12. Ne4 Rd8 13. Bg5 Nxe5 14. dxe5 Rxd3 15. exf6 Rxd1 16. Raxd1 gxf6 17. Nxf6+ Bxf6 18. Bxf6 O-O 19. Re3 h5 20. Re5 Kh7 21. Rd4 Qxa2 22. h4 Qb1+ 23. Kh2 Qg6 24. Rf4 Rg8 25. Rg5 Qh6 26. Be5 Rxg5 27. hxg5 Qxg5 28. Rxf7+ Kg8 29.
Rg7+ Qxg7 30. Bxg7 Kxg7 31. Kg3 Kg6 32. Kf4 Kf6 33. g4 hxg4 34. Kxg4 c5 35. Kf4 b5 36.
Ke4 a5 37. Kd3 Ke5 38. Kc3 Kd5 39. Kd3 c4+ 40. Kc3 b4+ 41. Kd2 a4 42. Ke3 c3 0-1

[Event "Early-Titled-Tuesday-Blitz-January-16-2024"]
[Site "Chess.com"]
[Date "2024.01.16"]
[Round "9"]
[White "HATilay"]
[Black "KNVB"]
[Result "0-1"]
[WhiteElo "2581"]
[BlackElo "2699"]
[TimeControl "180+1"]
[EndTime "9:48:07 PST"]
[Termination "KNVB won by resignation"]

1. d4 e5 2. dxe5 Nc6 3. Nf3 Qe7 4. g3 Nxe5 5. Bg2 Nxf3+ 6. Bxf3 Nf6 7. O-O g6 8. Nc3 Bg7 9. Bg5 h6 10. Nd5 Qd8 11. Nxf6+ Bxf6 12. Bxf6 Qxf6 13. c3 O-O 14. Qd2 Kg7 15. Rad1 d6 16. Rfe1 Re8 17. Qd4 a5 18. Qxf6+ Kxf6 19. Rd4 Ra6 20. Red1 Rb6 21. R1d2 Re5 22.
Kg2 Be6 23. Ra4 Reb5 24. b3 Rc5 25. Rf4+ Ke7 26. c4 a4 27. Rd3 g5 28. Re4 axb3 29. axb3 g4 30. Rxg4 Bxg4 31. Bxg4 Ra5 32. Re3+ Kf8 33.
Bf5 Rxf5 0-1

[Event "Early-Titled-Tuesday-Blitz-January-16-2024"]
[Site "Chess.com"]
[Date "2024.01.16"]
[Round "9"]
[White "MITerryble"]
[Black "Elsa167"]
[Result "1-0"]
[WhiteElo "3026"]
[BlackElo "2846"]
[TimeControl "180+1"]
[EndTime "9:48:08 PST"]
[Termination "MITerryble won by resignation"]

1. d4 Nf6 2. Bg5 c5 3. dxc5 e6 4. e3 Bxc5 5. Nd2 d5 6. Ngf3 Nc6 7. a3 O-O 8. Bd3 h6 9. Bh4 Be7 10. O-O b6 11. Qe2 Bb7 12. Rfd1 Nd7 13. Bg3 Nc5 14. e4 Nxd3 15. Qxd3 dxe4 16. Qxe4 Qc8 17. Qg4 e5 18. Qh5 f6 19. Nh4 Nd4 20. c3 Qc6 21.
cxd4 f5 22. d5 Qxd5 23. Ndf3 Qe6 24. Ng6 Bxf3 25. gxf3 Rf6 26. Nxe7+ Qxe7 27. f4 exf4 28. Bxf4 Qe4 29. Bg3 f4 30. f3 Qc2 31. Qd5+ Kh7 32.
Qxa8 Qc5+ 33. Kg2 Rg6 34. Qe4 fxg3 35. hxg3 Qg5 36. g4 Kh8 37. Rac1 h5 38. Rc8+ Kh7 39. Rc6 1-0

[Event "Early-Titled-Tuesday-Blitz-January-16-2024"]
[Site "Chess.com"]
[Date "2024.01.16"]
[Round "9"]
[White "I_am_Javi"]
[Black "djano"]
[Result "1-0"]
[WhiteElo "2782"]
[BlackElo "2636"]
[TimeControl "180+1"]
[EndTime "9:48:08 PST"]
[Termination "I_am_Javi won by resignation"]

1. e4 c5 2. Nf3 Nc6 3. Bb5 e5 4.
Bxc6 bxc6 5. O-O d6 6. h3 Nf6 7. d3 Be7 8. Nc3 O-O 9. Nd2 Nd7 10. Nc4 Nb6 11. b3 Nxc4 12. bxc4 f5 13. exf5 Bxf5 14. Qe2 Qe8 15. Rb1 Qg6 16. Kh1 Rab8 17. Rb3 Rb6 18. Bd2 h6 19. Rfb1 Bd8 20. a4 Rf7 21. f4 Qe6 22.
fxe5 dxe5 23. Ne4 Bxe4 24. Qxe4 Rf2 25. Be3 Rxc2 26. a5 Rxb3 27. Rxb3 Qf7 28. Rb8 Qc7 29.
Ra8 Kf7 30. Bxc5 Rc1+ 31. Kh2 Kf6 32. Qh4+ Kg6 33. Qxd8 Qxd8 34. Rxd8 Rd1 35. Bxa7 e4 36. Bb6 exd3 37. a6 Ra1 38. a7 Ra3 39. Rxd3 1-0

[Event "Early-Titled-Tuesday-Blitz-January-16-2024"]
[Site "Chess.com"]
[Date "2024.01.16"]
[Round "9"]
[White "abelmat"]
[Black "GlavkonVVS"]
[Result "1-0"]
[WhiteElo "2066"]
[BlackElo "2443"]
[TimeControl "180+1"]
[EndTime "9:48:08 PST"]
[Termination "abelmat won on time"]

1. d4 Nf6 2. c4 c5 3. Nf3 cxd4 4.
Nxd4 Nc6 5. g3 g6 6. Bg2 Bg7 7. O-O O-O 8. Nc3 Ng4 9. Nb3 d6 10. Nd5 Nge5 11. Qc2 e6 12. Nf4 Nb4 13. Qd2 a5 14. c5 Nc4 15. Qd1 a4 16. a3 axb3 17.
Qxb3 dxc5 18. Qxc4 Na6 19. Be3 Bxb2 20. Rfd1 Qa5 21. Bd2 Qc7 22. Ra2 Bg7 23. h4 Bd7 24. h5 b5 25. Qe4 Rab8 26. Be3 Rfc8 27. hxg6 hxg6 28. Rad2 Bc6 29. Qc2 Bxg2 30. Nxg2 1-0

[Event "Early-Titled-Tuesday-Blitz-January-16-2024"]
[Site "Chess.com"]
[Date "2024.01.16"]
[Round "9"]
[White "Egor_Koshulyan"]
[Black "vladgoncharov"]
[Result "0-1"]
[WhiteElo "2689"]
[BlackElo "2609"]
[TimeControl "180+1"]
[EndTime "9:48:09 PST"]
[Termination "vladgoncharov won by resignation"]

1. e4 e6 2. d4 d5 3. e5 c5 4. c3 Nc6 5. Nf3 Nge7 6. Na3 cxd4 7. cxd4 Nf5 8. Nc2 Nh4 9. Bd3 Nxg2+ 10. Kf1 Nh4 11.
Bg5 Be7 12. Bxh4 Bxh4 13. Rg1 g6 14. Ne3 Be7 15. a3 Qb6 16. b4 Bd7 17. Rc1 Nxd4 18.
Nxd4 Qxd4 19. Rc7 Qb6 20. Qc1 Bc6 21. Rxe7+ Kxe7 22. Ng4 Bb5 23. Qg5+ Kd7 24. Nf6+ Kc7 25. Bxb5 Qxb5+ 26. Kg2 Rac8 27. Qe3 Kb8 28. a4 Qc4 29. b5 Rhd8 30. a5 Qxb5 31. Qd4 Rc4 32. Qd2 a6 33. Kh1 d4 34. Qf4 d3 35. Qe3 d2 36. Rd1 Qb2 37.
Kg2 Rc1 38. Rxd2 Qxd2 39. Qb6 Rc6 40. Qb3 Qg5+ 41. Kf3 Qxe5 42. Ne4 f5 0-1

[Event "Early-Titled-Tuesday-Blitz-January-16-2024"]
[Site "Chess.com"]
[Date "2024.01.16"]
[Round "9"]
[White "Njal28"]
[Black "vugarrasulov"]
[Result "1-0"]
[WhiteElo "3035"]
[BlackElo "2966"]
[TimeControl "180+1"]
[EndTime "9:48:10 PST"]
[Termination "Njal28 won by resignation"]

1. d4 Nf6 2. c4 e6 3. Nc3 Bb4 4. e3 O-O 5. a3 Be7 6. e4 d6 7.
Nf3 c5 8. d5 exd5 9. exd5 Bg4 10.
Be2 Nbd7 11. O-O Re8 12. h3 Bh5 13. g4 Bg6 14. Nh4 Bf8 15. Nxg6 hxg6 16. Qc2 Nh7 17. f4 a6 18. Kg2 Rb8 19. a4 b6 20. Ra3 Rb7 21.
g5 Nb8 22. Bg4 a5 23. h4 Na6 24. Na2 Rbe7 25. Rh3 Re1 26. h5 gxh5 27. Bxh5 Qd7 28.
Qxh7+ Kxh7 29. Bg4+ Kg6 30. Bxd7 R8e2+ 31. Kf3 f5 32.
Rxe1 Rxe1 33. Bd2 Re7 34. Be6 Nc7 35. Bg8 Re4 36. b3 Rd4 37. Be3 Rd3 38. Bh7+ Kf7 39. Nc1 Rd1 40. Bxf5 g6 41. Bc2 Re1 42. Bd2 Re8 43.
Rh7+ Bg7 44. Bc3 1-0

[Event "Early-Titled-Tuesday-Blitz-January-16-2024"]
[Site "Chess.com"]
[Date "2024.01.16"]
[Round "9"]
[White "rasmussvane"]
[Black "MagnusCarlsen"]
[Result "0-1"]
[WhiteElo "3001"]
[BlackElo "3302"]
[TimeControl "180+1"]
[EndTime "9:48:10 PST"]
[Termination "MagnusCarlsen won on time"]

1. Nf3 b5 2. e4 Bb7 3. Bxb5 Bxe4 4. O-O e6 5. d4 c6 6. Be2 Bxf3 7. Bxf3 g6 8. c3 Bg7 9. Bf4 Ne7 10. Bd6 O-O 11. Nd2 Re8 12. Re1 Nf5 13. Ba3 d5 14. Be2 Nd7 15. Bd3 Ne7 16. Nb3 a5 17. Nc5 Nxc5 18. Bxc5 Bf8 19. Qd2 Nc8 20. Bxf8 Rxf8 21. g3 Nd6 22. h4 a4 23. Kg2 Qf6 24. h5 Rfb8 25.
Re2 Kf8 26. Rh1 Ke7 27. Qe3 Kd7 28. Rh4 g5 29. Rh1 h6 30. Rf1 Rg8 31. f3 Rab8 32.
Rc2 Rb7 33. Rff2 Rgb8 34. Qc1 Qg7 35. g4 Qf6 36. Kg3 Re8 37. Rce2 e5 38. dxe5 Rxe5 39.
Kg2 Rxe2 40. Rxe2 Ra7 41. c4 dxc4 42. Bxc4 Ra8 43. Bd3 Re8 44. Rxe8 Nxe8 45. Bf5+ Ke7 46. Qc5+ Nd6 47. Qa7+ Kf8 48. Qb8+ Kg7 49. Bd3 Qd4 50. Be2 Nb5 51. b3 Qb2 52. Kf1 a3 53. Bxb5 cxb5 54.
Qxb5 Qb1+ 55. Kg2 Qxa2+ 0-1

[Event "Early-Titled-Tuesday-Blitz-January-16-2024"]
[Site "Chess.com"]
[Date "2024.01.16"]
[Round "9"]
[White "RobertoJBM"]
[Black "BogdanDeac"]
[Result "0-1"]
[WhiteElo "2795"]
[BlackElo "3015"]
[TimeControl "180+1"]
[EndTime "9:48:11 PST"]
[Termination "BogdanDeac won on time"]

1. d4 Nf6 2. Nf3 d5 3. e3 a6 4.
c3 Bf5 5. Bd3 e6 6. Bxf5 exf5 7.
O-O Nbd7 8. c4 dxc4 9. Qc2 g6 10. Qxc4 Bd6 11. b3 Qe7 12. Bb2 O-O 13. Qc1 Rac8 14. Nbd2 Ne4 15. Qd1 Ndf6 16. Rc1 Nd5 17. Re1 h5 18.
Re2 h4 19. Ne5 h3 20. f3 Nxd2 21. Qxd2 Rfd8 22. e4 fxe4 23. fxe4 Nf6 24. Qh6 Bxe5 25. dxe5 Ng4 26. Qf4 Qh4 27. Rf1 Rd7 28. Bc3 Qh5 29.
gxh3 Qxh3 30. Rf3 Qh5 31. Rg3 Rd1+ 32. Be1 Nxe5 33. Qf1 Rcd8 34. Kg2 Qh6 0-1

[Event "Early-Titled-Tuesday-Blitz-January-16-2024"]
[Site "Chess.com"]
[Date "2024.01.16"]
[Round "9"]
[White "GMWSO"]
[Black "maciek_92"]
[Result "1-0"]
[WhiteElo "3079"]
[BlackElo "2850"]
[TimeControl "180+1"]
[EndTime "9:48:15 PST"]
[Termination "GMWSO won on time"]

1. d4 Nf6 2. c4 e6 3. Nc3 Bb4 4. Bd2 O-O 5. e3 d5 6. Nf3 b6 7. cxd5 exd5 8. Rc1 a6 9. Bd3 Bb7 10. O-O Nbd7 11. a3 Bd6 12. b4 Re8 13. Qb3 Nf8 14.
a4 Ne4 15. Rfd1 Ng6 16. Be1 Nh4 17. Nxh4 Qxh4 18. f4 Qh5 19. Nxe4 dxe4 20. Bc4 g5 21.
Bd5 Bxd5 22. Qxd5 h6 23. Bg3 Qg4 24. Rf1 Qe6 25. Qxe6 Rxe6 26. fxg5 Bxb4 27. Rxc7 hxg5 28. Rfxf7 Bf8 29. Be5 b5 30. Rf5 Rg6 31. axb5 axb5 32. Rb7 b4 33. Kf2 g4 34. Kg3 Bh6 35. Bf4 Bf8 36. Be5 Ra3 37. Rb8 1-0

[Event "Early-Titled-Tuesday-Blitz-January-16-2024"]
[Site "Chess.com"]
[Date "2024.01.16"]
[Round "9"]
[White "HajiyevKanan"]
[Black "Trojan-Knight"]
[Result "0-1"]
[WhiteElo "2573"]
[BlackElo "2698"]
[TimeControl "180+1"]
[EndTime "9:48:15 PST"]
[Termination "Trojan-Knight won by checkmate"]

1. d4 Nf6 2. Nf3 g6 3. g3 Bg7 4. Bg2 d5 5. O-O O-O 6. b3 c5 7. Bb2 cxd4 8. Bxd4 Nc6 9. Bb2 Re8 10. Ne5 Qd6 11. Nxc6 bxc6 12. c4 Rb8 13. Qc2 Bf5 14. Qc1 e5 15. Rd1 d4 16. c5 Qe6 17. Nd2 Rbd8 18.
Nc4 Bf8 19. b4 Nd5 20. a3 a5 21. e4 dxe3 22. Nxe3 Bh6 23. Bc3 Nxe3 24. fxe3 Bg4 25. Rxd8 Rxd8 26. Qb2 Bxe3+ 27. Kh1 Bd4 28. bxa5 Qc4 29.
Bxd4 exd4 30. Bxc6 d3 31. Bb5 Qe4+ 32. Kg1 d2 33.
Ba4 Qe3+ 34. Kg2 Qf3+ 35. Kg1 Bh3 36. Qxd2 Rxd2 37. Rf1 Qg2# 0-1

[Event "Early-Titled-Tuesday-Blitz-January-16-2024"]
[Site "Chess.com"]
[Date "2024.01.16"]
[Round "9"]
[White "Jojo_898"]
[Black "LaPiToB"]
[Result "1-0"]
[WhiteElo "2455"]
[BlackElo "2315"]
[TimeControl "180+1"]
[EndTime "9:48:15 PST"]
[Termination "Jojo_898 won by resignation"]

1. e4 c6 2. d4 d5 3. Nc3 dxe4 4. Nxe4 Nf6 5. Ng3 h5 6. h4 c5 7. Be3 Nc6 8. N1e2 cxd4 9. Nxd4 Nxd4 10. Qxd4 Qa5+ 11.
Bd2 Qd5 12. Bc3 Bd7 13. O-O-O Qxd4 14. Bxd4 e6 15. Be2 Bc6 16. Bxf6 gxf6 17. Nxh5 Bh6+ 18.
Kb1 Bxg2 19. Nxf6+ Ke7 20. Rhg1 Kxf6 21. Rxg2 Rad8 22.
Bd3 e5 23. Re1 Bf4 24. Rh1 Rh6 25. h5 Rdh8 26. Be2 Ke6 27. Bf3 b6 28. c4 f5 29. Rg7 e4 30. Bd1 a5 31. Rb7 Ke5 32. Rd7 Bg5 33. Rd5+ Kf4 34. Kc2 Rf8 35. Rh3 Bf6 36. Rb3 Be5 37. Rbb5 Bc7 38. c5 bxc5 39. Rbxc5 Bb8 40. Rc3 Be5 41. Ra3 Rb8 42. Rb3 Rc8+ 43. Kd2 a4 44. Rbb5 Re6 45. Bxa4 Rf8 46. Bd1 Kg5 47.
Rxe5 Rd6+ 48. Red5 1-0

[Event "Early-Titled-Tuesday-Blitz-January-16-2024"]
[Site "Chess.com"]
[Date "2024.01.16"]
[Round "9"]
[White "scarabee43"]
[Black "Yeritsyaan"]
[Result "1-0"]
[WhiteElo "2818"]
[BlackElo "2650"]
[TimeControl "180+1"]
[EndTime "9:48:17 PST"]
[Termination "scarabee43 won by resignation"]

1. d4 Nf6 2. c4 e6 3. Nf3 Bb4+ 4. Bd2 c5 5. g3 O-O 6. Bg2 Bxd2+ 7. Qxd2 cxd4 8. Nxd4 d5 9. cxd5 exd5 10. Nc3 Nc6 11. O-O Re8 12. Rfd1 Bg4 13. h3 Bh5 14. Nf3 Ne4 15. Qxd5 Nxc3 16. bxc3 Bg6 17. e3 Qf6 18. Nd4 Rad8 19. Qb5 Nxd4 20. cxd4 b6 21. Qc6 Qe7 22. Rac1 h5 23. h4 Bf5 24. Rc3 Bg4 25. Rdc1 Rd7 26. Qb5 Red8 27. Qg5 f6 28. Qg6 Qf7 29. Qxf7+ Kxf7 30. Kf1 Be6 31. a3 g5 32. hxg5 fxg5 33. Rc7 h4 34.
gxh4 gxh4 35. Rxd7+ Rxd7 36. Ke2 Kf6 37. Rh1 Rg7 38.
Bh3 Bc4+ 39. Kd2 Bd5 40. Rc1 Rf7 41. Ke2 Kg5 42. Rg1+ Kf6 43. Rg4 Rh7 44. Rf4+ Ke7 45. e4 Bc4+ 46. Ke3 a5 47. d5 b5 48.
Kd4 Ba2 49. e5 b4 50. d6+ Ke8 51. axb4 axb4 52. Rg4 b3 53. Rg8+ Kf7 54. Rb8 Kg6 55. e6 Kf6 56. d7 b2 57. d8=Q+ 1-0